 Dungeon Crawl Stone Soup version 0.28.0-47-ge53b351184 (webtiles) character file.

Game seed: 5499331438941750314

177 Kangaroobicon the Sneak (level 5, -5/43 HPs)
             Began as a Gnoll Brigand on Apr 28, 2022.
             Killed from afar by Ijyb (18 damage)
             ... with a bolt of acid
             ... on level 3 of the Dungeon.
             The game lasted 00:17:49 (1705 turns).

Kangaroobicon the Sneak (Gnoll Brigand)             Turns: 1705, Time: 00:17:49

Health: -5/43      AC:  3    Str: 12    XL:     5   Next: 57%
Magic:  7/7        EV: 12    Int: 11    God:
Gold:   90         SH:  4    Dex: 13    Spells: 7/7 levels left

rFire   . . .      SeeInvis .   i - +1 dagger (venom)
rCold   . . .      Faith    +   q - +0 buckler
rNeg    . . .      Spirit   .   b - +0 robe
rPois   .          Reflect  .   (no helmet)
rElec   .          Harm     .   l - +0 cloak
rCorr   .          Rampage  .   (no gloves)
Will    .....                   (no boots)
Stlth   ++++......              m - amulet of faith
HPRegen 0.14/turn               (no ring)
MPRegen 0.10/turn               (no ring)

@: no status effects
A: fangs 1, strong nose, distributed training
a: no special abilities


You were on level 3 of the Dungeon.
You visited 1 branch of the dungeon, and saw 3 of its levels.

You collected 90 gold pieces.

Inventory:

Hand Weapons
 a - a +2 dagger
 i - a +1 dagger of venom (weapon)
 j - a +0 hunting sling
Missiles
 d - 6 poisoned darts (quivered)
 e - 2 curare-tipped darts
 g - 101 stones
Armour
 b - a +0 robe (worn)
 c - a +0 cloak
 l - a +0 cloak (worn)
 p - a +1 ring mail of cold resistance
 q - a +0 buckler (worn)
Jewellery
 m - an amulet of faith (around neck)
Wands
 s - a wand of iceblast (7)
Scrolls
 f - 2 scrolls of identify
 r - a scroll of fear {unknown}
Potions
 h - 2 potions of curing
 k - a potion of ambrosia {unknown}
 n - a potion of lignification {unknown}
 o - a potion of might {unknown}


   Skills:
 + Level 4.8 Fighting
 + Level 4.8 Short Blades
 + Level 1.5 Long Blades
 + Level 1.5 Axes
 + Level 1.5 Maces & Flails
 + Level 1.5 Polearms
 + Level 1.5 Staves
 + Level 1.5 Slings
 + Level 1.5 Bows
 + Level 1.5 Crossbows
 + Level 4.8 Throwing
 + Level 1.5 Armour
 + Level 3.0 Dodging
 + Level 7.9 Stealth
 + Level 1.5 Shields
 + Level 1.5 Unarmed Combat
 + Level 1.5 Spellcasting
 + Level 1.2 Conjurations
 + Level 1.2 Hexes
 + Level 1.2 Summonings
 + Level 1.2 Necromancy
 + Level 1.2 Translocations
 + Level 1.2 Transmutations
 + Level 1.2 Fire Magic
 + Level 1.2 Ice Magic
 + Level 1.2 Air Magic
 + Level 1.2 Earth Magic
 + Level 1.2 Poison Magic
 + Level 1.7 Invocations
 + Level 1.5 Evocations


You had 7 spell levels left.
You didn't know any spells.
Your spell library was empty.

Dungeon Overview and Level Annotations

Branches:
Dungeon (3/15)

Altars:

Annotations:
D:3 Ijyb


Innate Abilities, Weirdness & Mutations

You have very sharp teeth.
Your uncanny sense of smell can sniff out nearby items.
Your experience applies equally to all skills.


Message History

The rat is heavily wounded.
You kill the rat!
You see here a rat corpse.
Found a stone staircase leading down.
Found 30 stones.
s - a wand of iceblast (7)
g - 101 stones (gained 30)
Found 12 stones.
Ijyb the Twisted Goblin comes into view.
She is wielding a +0 club and carrying a wand of acid (11).
Found a flail.
Ijyb shouts!
Ijyb zaps a wand.
The bolt of acid hits you!!
Ouch! That really hurt!
Ijyb barely misses you.
You hit Ijyb. Your bite misses Ijyb.
Ijyb is lightly wounded.
Ijyb barely misses you.
You barely miss Ijyb.
Ijyb is lightly wounded.
Ijyb hits you with a +0 club.
You hit Ijyb but do no damage.
Ijyb is poisoned.
You block Ijyb's attack.
You hit Ijyb but do no damage.
Ijyb looks even sicker.
Ijyb hits you with a +0 club.
You hit Ijyb but do no damage. Your bite misses Ijyb.
Ijyb is lightly wounded.
Ijyb hits you with a +0 club.
* * * LOW HITPOINT WARNING * * *
You closely miss Ijyb.
Ijyb is lightly wounded.
You hit Ijyb but do no damage.
Ijyb looks as sick as possible!
You bite Ijyb, but do no damage.
Ijyb is lightly wounded.
You block Ijyb's attack.
You closely miss Ijyb.
Ijyb is lightly wounded.
Ijyb closely misses you.
You hit Ijyb but do no damage.
Ijyb is lightly wounded.
Ijyb zaps a wand.
The bolt of acid hits you!!
You die...

##. # .. ##. ..# ..###.## ..
#.#)....# . #..#.....#
.####..##....g#
...........(.@# .#
#.#...###.....# ..### .#
#...# #...#.##..# ..# #.#
####†..# #.# #.##..###.###.#
#...)#.# #..# #..#.......##.#
#.####.###.#####.#..###..##.#
..# ##..............##.†....#
..###.....######.#..........#
...##.....# #.#..........#


You could see Ijyb (extremely poisoned).

Vanquished Creatures
  An orc warrior (D:3)
  3 adders
  2 dart slugs
  5 orcs (D:3)
  4 bats
  2 endoplasms
  2 giant cockroaches (D:1)
  A goblin (D:1)
  2 hobgoblins (D:2)
  3 jackals (D:1)
  A quokka (D:1)
  5 ball pythons (D:1)
  3 frilled lizards (D:1)
  6 kobolds
  10 rats
50 creatures vanquished.

Notes
Turn   | Place    | Note
-------+----------+-------------------------------------------
     0 | D:1      | Kangaroobicon the Gnoll Brigand began the quest for the
                  | Orb.
     0 | D:1      | Reached XP level 1. HP: 20/20 MP: 1/1
   118 | D:1      | Reached XP level 2. HP: 24/26 MP: 2/2
   172 | D:1      | Found a faded altar of an unknown god.
   394 | D:1      | Reached XP level 3. HP: 10/31 MP: 3/3
   819 | D:2      | Reached skill level 1 in Invocations
   923 | D:2      | Reached skill level 1 in Long Blades
   923 | D:2      | Reached skill level 1 in Axes
   923 | D:2      | Reached skill level 1 in Maces & Flails
   923 | D:2      | Reached skill level 1 in Polearms
   923 | D:2      | Reached skill level 1 in Staves
   923 | D:2      | Reached skill level 1 in Slings
   923 | D:2      | Reached skill level 1 in Bows
   923 | D:2      | Reached skill level 1 in Crossbows
   923 | D:2      | Reached skill level 1 in Armour
   923 | D:2      | Reached skill level 1 in Shields
   923 | D:2      | Reached skill level 1 in Unarmed Combat
   923 | D:2      | Reached skill level 1 in Spellcasting
   923 | D:2      | Reached skill level 1 in Evocations
  1287 | D:3      | Reached XP level 4. HP: 37/38 MP: 5/5
  1338 | D:3      | Noticed an orc warrior
  1376 | D:3      | Killed an orc warrior
  1377 | D:3      | Reached skill level 1 in Conjurations
  1377 | D:3      | Reached skill level 1 in Hexes
  1377 | D:3      | Reached skill level 1 in Summonings
  1377 | D:3      | Reached skill level 1 in Necromancy
  1377 | D:3      | Reached skill level 1 in Translocations
  1377 | D:3      | Reached skill level 1 in Transmutations
  1377 | D:3      | Reached skill level 1 in Fire Magic
  1377 | D:3      | Reached skill level 1 in Ice Magic
  1377 | D:3      | Reached skill level 1 in Air Magic
  1377 | D:3      | Reached skill level 1 in Earth Magic
  1377 | D:3      | Reached skill level 1 in Poison Magic
  1377 | D:3      | Reached XP level 5. HP: 14/43 MP: 5/7
  1692 | D:3      | Noticed Ijyb
  1705 | D:3      | Killed from afar by Ijyb

Illustrated notes

Levels and vault maps discovered:
D:1:      heliophobic_arrival_battle_scene, layout_rooms,
          hellmonk_ecumenical_altar_run_dry
D:2:      layout_loops_ring
D:3:      layout_rooms, nicolae_overflow_hidden_temple, uniq_ijyb

Skill      XL: |  1  2  3  4 |
---------------+-------------+-----
Invocations    | 1 |  1.7
Long Blades    | 1 |  1.5
Axes           | 1 |  1.5
Maces & Flails | 1 |  1.5
Polearms       | 1 |  1.5
Staves         | 1 |  1.5
Slings         | 1 |  1.5
Bows           | 1 |  1.5
Crossbows      | 1 |  1.5
Armour         | 1 |  1.5
Shields        | 1 |  1.5
Unarmed Combat | 1 |  1.5
Spellcasting   | 1 |  1.5
Evocations     | 1 |  1.5
Dodging        | 3 |  3.0
Conjurations   | 1 |  1.2
Hexes          | 1 |  1.2
Summonings     | 1 |  1.2
Necromancy     | 1 |  1.2
Translocations | 1 |  1.2
Transmutations | 1 |  1.2
Fire Magic     | 1 |  1.2
Ice Magic      | 1 |  1.2
Air Magic      | 1 |  1.2
Earth Magic    | 1 |  1.2
Poison Magic   | 1 |  1.2
Fighting       | |  4.8
Short Blades   | |  4.8
Throwing       | |  4.8
Stealth        | |  7.9

Action                   |  1- 3 |  4- 6 || total
-------------------------+-------+-------++-------
Melee: Dagger            |   101 |    50 ||   151
       Bite              |     5 |     3 ||     8
Throw: Dart              |       |     2 ||     2
  Use: Scroll            |     1 |       ||     1
 Stab: Sleeping          |    12 |     3 ||    15
Armor: Robe              |    20 |     4 ||    24
Dodge: Dodged            |    43 |    21 ||    64
Block: Buckler           |       |     8 ||     8
